cohdb
Replays
Latest Replays
All Replays
Popular Replays
Top Player Replays
Match Explorer
How It Works
Community
CoH3 Stats
Reddit
Sign in to upload your games and track your stats! →
Sign in with Steam
Match 42828695
Unlisted
Match 42828695
Overview
Messages
Build Orders
End
Construct Infanterie Kompanie
MG 42 Machine Gun Team
GrW 34 Mortar Team
Grenadier Squad
Grenadier Squad
Grenadier Squad
Construct Panzergrenadier Kompanie
Support Elements
Medical Station
Nebelwerfer 42 Rocket Launcher Team
Pak 40 Anti-tank Gun Team
Construct Panzer Kompanie
Panzer IV Medium Tank
Selects Breakthrough Battlegroup
Selects Rapid Production
Selects Blitzkrieg
Panzer IV Medium Tank
Selects Assault Grenadiers
Selects Smoke Bombing Run
Selects Incendiary Bombing Run
Incendiary Bombing Run
Smoke Bombing Run
Panzer IV Medium Tank
Incendiary Bombing Run
Panzer IV Medium Tank
Incendiary Bombing Run
Panzer IV Medium Tank
Smoke Bombing Run
Incendiary Bombing Run
Selects Tiger Heavy Tank
Pioneer Squad
Smoke Bombing Run
Tiger Heavy Tank
Pak 40 Anti-tank Gun Team
Panzer IV Medium Tank
Smoke Bombing Run
Tiger Heavy Tank
Pioneer Squad
Smoke Bombing Run
Panzer IV Medium Tank
Smoke Bombing Run
Panzer IV Medium Tank
Stoßtruppen Squad
Elder-Gyattson
Franz Schnitzel
Friend
admiral_gnar
Kray-Tos
Your best друг
0
0
Comments
sign in to comment!
No comments posted yet!